 Dungeon Crawl Stone Soup version 0.17-a0-989-gada8a91 (webtiles) character file.

996 Ngotmuk the Chopper (level 7, -20/67 HPs)
             Began as a Deep Dwarf Fighter on May 12, 2015.
             Was a Believer of Makhleb.
             Demolished by an ogre
             ... wielding a cursed -1 giant spiked club
              (26 damage)
             ... on level 4 of the Dungeon.
             The game lasted 00:10:20 (3349 turns).

Ngotmuk the Chopper (Deep Dwarf Fighter)            Turns: 3349, Time: 00:10:20

Health: -20/67     AC: 11    Str: 21    XL:     7   Next: 99%
Magic:  7/7        EV:  6    Int:  7    God:    Makhleb [**....]
Gold:   216        SH: 10    Dex: 12    Spells: 0 memorised, 6 levels left

rFire  . . .     SeeInvis .     a - +0 war axe
rCold  . . .     Clarity  .     y - +0 chain mail
rNeg   . . .     SustAb   .     c - +0 shield
rPois  .         Gourm    .     (no helmet)
rElec  .         Spirit   .     g - +0 cloak
rCorr  .         Warding  .     (no gloves)
rMut   +         Stasis   .     (no boots)
MR     +....                    r - amulet of resist mutation
Stlth  ..........               o - +1 ring of evasion
                                q - -2 ring of intelligence (curse)

@: non-regenerating, somewhat resistant to hostile enchantments, extremely
unstealthy
A: damage resistance, recharge devices, sense surroundings 1, slow healing 3
a: Device Recharging, Minor Destruction, Renounce Religion


You were on level 4 of the Dungeon.
You worshipped Makhleb.
Makhleb was pleased with you.
You were not hungry.

You visited 1 branch of the dungeon, and saw 5 of its levels.
You also visited: Ossuary.

You collected 216 gold pieces.

Inventory:

Hand weapons
 a - a +0 war axe (weapon)
Armour
 c - a +0 shield (worn)
 g - a +0 cloak (worn)
 y - a +0 chain mail (worn)
Jewellery
 i - an uncursed ring of sustain abilities
 o - a +1 ring of evasion (right hand)
 q - a cursed -2 ring of intelligence (left hand)
 r - an amulet of resist mutation (around neck)
Magical devices
 e - a wand of heal wounds (0)
 u - a wand of confusion (29)
Scrolls
 b - a scroll of summoning {unknown}
 j - 3 scrolls of enchant armour {unknown}
 l - 9 scrolls of identify {unknown}
 n - 7 scrolls of remove curse {unknown}
 t - a scroll of noise {unknown}
 w - 2 scrolls of fear {unknown}
 x - a scroll of teleportation {unknown}
 z - a scroll of enchant weapon {unknown}
 F - a scroll of brand weapon {unknown}
Potions
 d - a potion of might
 k - a potion of ambrosia {unknown}
 p - 4 potions of curing {unknown}
 s - a potion of mutation {unknown}
 v - a potion of degeneration {unknown}
 A - a potion of brilliance {unknown}
 B - a potion of cancellation {unknown}
 C - 2 potions of agility {unknown}
 D - a potion of flight {unknown}
 E - a potion of poison {unknown}
Comestibles
 f - 4 bread rations
 h - 2 slices of pizza
 m - 3 fruits


   Skills:
 * Level 5.5 Fighting
 * Level 6.1 Axes
 + Level 5.3 Armour
 + Level 5.1 Shields


You had 6 spell levels left.
You didn't know any spells.

Dungeon Overview and Level Annotations

Branches:
Dungeon (5/15)             Temple (0/1) D:5

Altars:
Ashenzari
Gozag
Makhleb
Nemelex Xobeh
Okawaru
Sif Muna
Xom
Zin
The Shining One


Innate Abilities, Weirdness & Mutations

You are resistant to damage.
You can recharge devices by infusing magical energy.
You passively map a small area around you.
You do not heal naturally.


Message History

There is a stone staircase leading up here.
You climb upwards.
The ogre shouts!
The ogre is too close now for your liking.
There is a stone staircase leading down here.
You hit the ogre.
The ogre is moderately wounded.
The ogre hits you with a giant spiked club!!
* * * LOW HITPOINT WARNING * * *
You hit the ogre.
The ogre is moderately wounded.
The ogre barely misses you.
You hit the ogre but do no damage.
The ogre is moderately wounded.
The ogre hits you with a giant spiked club!
* * * LOW HITPOINT WARNING * * *
You slash the ogre!
The ogre is heavily wounded.
The ogre hits you with a giant spiked club!!
You die...

, ,....... , ,,,,...... ,, , +
..... ,, *, #+## #...# +# *
#+#######+#####..###...##.##
#..........#.........)...... ,
#..........#................ ,
+..........+...............$
,,
#..........#@O.............. *
##..........#.รท......).......
#...........#.....[........##
#.....##....##...###..####+#
##'########'##...####+#* ,,
####......#...............,,,
...#......#............... ,
...'......#..............., ,
...#......+...............


You could see an ogre.

Vanquished Creatures
  Duvessa (D:4)
  An ice beast (D:5)
  A centaur (D:5)
  A phantom (D:5)
  An ogre (D:5)
  Dowan (D:4)
  2 water moccasin zombies (Ossuary)
  A scorpion (D:5)
  A crimson imp (D:5)
  A giant frog skeleton (D:5)
  A hound (D:5)
  3 big kobold zombies (Ossuary)
  2 mummies (Ossuary)
  2 adders
  3 gnolls (D:5)
  A shadow imp (D:5)
  An ooze (D:1)
  5 adder zombies (Ossuary)
  4 worms
  2 giant geckos (D:2)
  5 orcs
  2 bat skeletons (D:5)
  3 giant cockroaches
  2 gnoll zombies (Ossuary)
  12 goblins
  11 hobgoblins
  8 jackals
  2 quokkas (D:2)
  10 bats
  4 giant newts
  A goblin zombie (D:5)
  3 hobgoblin zombies (Ossuary)
  A jackal skeleton (D:5)
  5 kobolds
  3 kobold zombies (Ossuary)
  3 orc zombies (Ossuary)
  9 rats
119 creatures vanquished.

Notes
Turn   | Place    | Note
--------------------------------------------------------------
     0 | D:1      | Ngotmuk the Deep Dwarf Fighter began the quest for the Orb.
     0 | D:1      | Reached XP level 1. HP: 20/20 MP: 1/1
    53 | D:1      | Reached XP level 2. HP: 20/28 MP: 2/2
   449 | D:1      | Reached XP level 3. HP: 24/34 MP: 3/3
   699 | D:2      | Found a deep blue altar of Sif Muna.
  1132 | D:2      | Reached XP level 4. HP: 17/42 MP: 4/4
  1159 | D:2      | Found a shattered altar of Ashenzari.
  1522 | D:3      | Found a glowing silver altar of Zin.
  1523 | D:3      | Found an opulent altar of Gozag.
  1841 | D:3      | Reached skill level 4 in Armour
  1889 | D:3      | Found a glowing golden altar of the Shining One.
  2062 | D:3      | Found a burning altar of Makhleb.
  2062 | D:3      | Noticed a balrug
  2065 | D:3      | Noticed an orange demon
  2065 | D:3      | Noticed a neqoxec
  2067 | D:3      | Became a worshipper of Makhleb the Destroyer
  2273 | D:4      | Noticed Duvessa
  2274 | D:4      | Noticed Dowan
  2282 | D:4      | Killed Duvessa
  2282 | D:4      | Reached XP level 5. HP: 36/50 MP: 5/5
  2298 | D:4      | Killed Dowan
  2321 | D:4      | Noticed an ogre
  2333 | D:5      | Entered Level 5 of the Dungeon
  2333 | D:5      | Noticed a phantom
  2343 | D:5      | Reached XP level 6. HP: 14/57 MP: 6/6
  2345 | D:5      | Found a sparkling altar of Nemelex Xobeh.
  2362 | D:5      | Killed a phantom
  2414 | D:5      | Found a staircase to the Ecumenical Temple.
  2455 | D:5      | Noticed an ogre
  2459 | D:5      | Killed an ogre
  2520 | D:5      | Noticed an ice beast
  2532 | D:5      | Killed an ice beast
  2532 | D:5      | Reached skill level 5 in Axes
  2532 | D:5      | Reached XP level 7. HP: 18/66 MP: 7/7
  2559 | D:5      | Found a shimmering altar of Xom.
  2601 | D:5      | Acquired Makhleb's first power
  2614 | D:5      | Found an iron altar of Okawaru.
  2616 | D:5      | Noticed a centaur
  2626 | D:5      | Killed a centaur
  2737 | D:5      | Found a sand-covered staircase.
  2744 | Ossuary  | Entered an ossuary
  2780 | Ossuary  | Reached skill level 5 in Fighting
  2785 | Ossuary  | Reached skill level 5 in Armour
  2841 | Ossuary  | Reached skill level 5 in Shields
  2875 | Ossuary  | Acquired Makhleb's second power
  2979 | D:5      | Reached skill level 6 in Axes
  3349 | D:4      | Demolished by an ogre

Vault maps used:
D:1:      tarquinn_simple_flora_water_a
D:2:      lemuel_upstairs_altar, lemuel_blue_sif_altar,
          nicolae_overflow_crystal_walls, hex_medium
D:3:      grunt_temple_overflow_gold_and_silver, lemuel_coloured_pillars_altar,
          makhleb_altar_promises_db
D:4:      uniq_pikel, uniq_sigmund, uniq_duvessa
D:5:      okawaru_gym_becter, kennysheep_mini_moat, nemelex_deck,
          minmay_temple_entry_junction2, enter_ossuary_3, first_bread,
          abandoned_shop, minmay_misc_feat_tiny
Ossuary:  ossuary_tomb_2

Action                   |  1- 3 |  4- 6 |  7- 9 || total
-------------------------+-------+-------+-------++-------
Melee: War axe           |   140 |   119 |   173 ||   432
Evoke: Wand              |       |     2 |     3 ||     5
  Eat: Meat ration       |     1 |       |     1 ||     2
